 Dungeon Sprint DCSS version 0.28.0-53-g5a82cb258f (webtiles) character file.

Game seed: 17040925753832369303

2900000 Zeld the Intangible (level 21, -2/187 HPs)
             Began as a Djinni Monk on June 5, 2022.
             Was the Champion of Makhleb.
             Slain by a large bag of meat
             ... wielding a +9 giant spiked club
              (79 damage)
             ... in the Dungeon (Sprint VIII: "Arena of Blood").
             The game lasted 00:00:39 (29 turns).

Zeld the Intangible (Djinni Monk)                     Turns: 29, Time: 00:00:39

Health: -2/187     AC:  2    Str: 18    XL:     21   Next: 24%
Gold:   0          EV: 28    Int: 15    God:    Makhleb [******] SH:  0 Dex: 16

rFire   + + .      SeeInvis .   g - +∞ Axe of Woe
rCold   x . .      Faith    .   (shield currently unavailable)
rNeg    . . .      Spirit   .   a - +0 robe
rPois   ∞          Reflect  .   (no helmet)
rElec   .          Harm     .   (no cloak)
rCorr   .          Rampage  .   (no gloves)
Will    ++...      NoTele   +   (boots unavailable)
Stlth   ++........              (no amulet)
HPRegen 0.41/turn               (no ring)
MPRegen 0.00/turn               (no ring)

@: death channelling, flying
A: sickness immunity, fire resistance 2, cold vulnerability 1, float, innate
caster, HP casting, extra vitality 1
a: Renounce Religion, Minor Destruction, Lesser Servant of Makhleb, Major
Destruction, Greater Servant of Makhleb


You were in the Dungeon.
You worshipped Makhleb.
Makhleb was exalted by your worship.
You visited 1 branch

Inventory:

Hand Weapons
 g - the +∞ Axe of Woe (weapon)
   (You found it in the Dungeon)
Armour
 a - a +0 robe (worn)
Scrolls
 f - a scroll of blinking
Potions
 b - a potion of curing
 c - a potion of heal wounds
 d - a potion of haste
 e - a potion of berserk rage


   Skills:
 O Level 27 Fighting
 + Level 9.1(10.8) Short Blades
 + Level 9.1(10.7) Long Blades
 O Level 27 Axes
 + Level 8.2(20.0) Maces & Flails
 + Level 8.3(20.1) Polearms
 + Level 8.5(11.7) Staves
 + Level 8.0(9.3) Slings
 + Level 7.4 Bows
 + Level 7.4 Crossbows
 + Level 7.3(9.0) Throwing
 + Level 9.0 Armour
 O Level 27 Dodging
 - Level 1.5 Stealth
 + Level 8.9 Shields
 - Level 3.0 Unarmed Combat
 O Level 27 Spellcasting
 O Level 27 Invocations
 + Level 8.9 Evocations


You had 30 spell levels left.
You knew the following spells:

 Your Spells              Type           Power      Damage    Failure   Level
a - Summon Small Mammal   Summ           100%       N/A       0%          1
b - Searing Ray           Conj           100%       2d8       0%          2
c - Ignite Poison         Fire/Tmut/Pois 79%        N/A       0%          3
d - Airstrike             Air            39%        N/A       0%          4
e - Leda's Liquefaction   Hex/Erth       39%        N/A       0%          4
f - Borgnjor's Vile Clut  Necr/Erth      39%        N/A       0%          5
g - Conjure Ball Lightni  Conj/Air       39%        3x3d13    0%          6
h - Summon Cactus Giant   Summ           39%        N/A       0%          6
i - Death Channel         Necr           39%        N/A       0%          6
j - Haunt                 Necr/Summ      39%        N/A       1%          7
Your spell library was empty.

Dungeon Overview and Level Annotations

Branches:
Dungeon (1/1)

Altars:
Makhleb

Annotations:
D The Servant


Innate Abilities, Weirdness & Mutations

You are immune to sickness and miasma.
You are immune to poison.
Your flesh is very heat resistant. (rF++)
You are vulnerable to cold. (rC-)
You float through the air rather than walking.
You learn spells naturally, not from books.
Your magical power is your life essence.
You have superior vitality. (+4 MHP)


Message History

The fiery explosion engulfs you. You resist.
The sculptor of flesh appears out of thin air!
A sculptor of flesh comes into view. It is wielding a +9 great sword.
You are engulfed in blazing flames.
You resist.
You hear a shout! x3
The large bag of meat is engulfed in blazing flames.
You hear a shout!
The bag of meat is engulfed in blazing flames.
You hear a shout!
A bag of meat comes into view. It is wielding a +9 war axe.
You hear a shout! x2
Your base Short Blades skill gained 2 levels and is now at level 9!
Your base Long Blades skill gained 2 levels and is now at level 9!
Your base Maces & Flails skill gained 2 levels and is now at level 8!
Your base Polearms skill gained 2 levels and is now at level 8!
Your base Staves skill gained 2 levels and is now at level 8!
Your base Slings skill gained 2 levels and is now at level 8!
Your Bows skill gained 2 levels and is now at level 7!
Your Crossbows skill gained 2 levels and is now at level 7!
Your base Throwing skill gained 2 levels and is now at level 7!
Your Armour skill gained 2 levels and is now at level 9!
Your Shields skill increases to level 8!
Your Evocations skill increases to level 8!
You have reached level 21!
Your experience leads to an increase in your attributes!
Increase (S)trength, (I)ntelligence, or (D)exterity?
You feel stronger. x2
The power to cast Haunt wells up from within.
Spell assigned to 'j'.
Cast which spell? (? or * to list) Malign forces permeate your being, awaiting release.
The destroyer appears out of thin air!
A destroyer comes into view. It is wielding a +9 vorpal great sword.
You are engulfed in blazing flames.
You resist.
You hear a shout! x2
The Servant comes into view.
He is wielding a +9 glaive of flaming.
The bag of meat is engulfed in blazing flames.
The bag of meat hits you with a +9 war axe!
The large bag of meat hits you with a +9 giant spiked club!!!! x2
You die...

.###.. ...###...
......###........
......._.........
....#.)...#......
. #_.<._#......
...#..)))#....@.
......)_)).......
....V.###o.......
.###..§o@O§###...
#..OooO§# .
#O.....z#
....o....o..
...oo..O.....
..o.........O#
.o....o....##o.
.#...o....#. ..


You could see The Servant (wandering), a destroyer (wandering), a sculptor of
flesh, 3 large bags of meat, 3 meat berserkers and 13 bags of meat.

Vanquished Creatures
  A vampire knight (D)
  11 ogres (D)
  2 two-headed ogres (D)
  16 orcs (D)
30 creatures vanquished.

Notes
Turn   | Place    | Note
-------+----------+-------------------------------------------
     0 | D        | Found the +∞ Axe of Woe
     0 | D        | Zeld the Djinni Monk began the quest for the Orb.
     0 | D        | Reached XP level 1. HP: 20/20 MP: 0/0
     4 | D        | Became a worshipper of Makhleb the Destroyer
     4 | D        | Reached * piety under Makhleb
     4 | D        | Reached ** piety under Makhleb
     4 | D        | Noticed a meat berserker
     5 | D        | Noticed a bag of meat
     5 | D        | Noticed a bag of meat
     6 | D        | Noticed a bag of meat
     6 | D        | Noticed a bag of meat
     6 | D        | Noticed a bag of meat
     6 | D        | Noticed a bag of meat
     7 | D        | Killed a bag of meat
     7 | D        | Killed a meat berserker
     7 | D        | Noticed a bag of meat
     8 | D        | Reached skill level 10 in Spellcasting
     8 | D        | Reached XP level 2. HP: 44/44 MP: 0/0
     8 | D        | Reached XP level 3. HP: 49/49 MP: 0/0
     8 | D        | Learned a level 1 spell: Summon Small Mammal
     8 | D        | Reached XP level 4. HP: 56/56 MP: 0/0
     8 | D        | Reached XP level 5. HP: 61/61 MP: 0/0
     8 | D        | Learned a level 2 spell: Searing Ray
     8 | D        | Reached XP level 6. HP: 67/67 MP: 0/0
     8 | D        | Reached XP level 7. HP: 74/74 MP: 0/0
     8 | D        | Learned a level 3 spell: Ignite Poison
     8 | D        | Reached XP level 8. HP: 80/80 MP: 0/0
     8 | D        | Reached XP level 9. HP: 85/85 MP: 0/0
     8 | D        | Learned a level 4 spell: Airstrike
     8 | D        | Reached XP level 10. HP: 92/92 MP: 0/0
     8 | D        | Reached XP level 11. HP: 97/97 MP: 0/0
     8 | D        | Learned a level 4 spell: Leda's Liquefaction
     8 | D        | Reached XP level 12. HP: 103/103 MP: 0/0
     8 | D        | Reached XP level 13. HP: 109/109 MP: 0/0
     8 | D        | Learned a level 5 spell: Borgnjor's Vile Clutch
     8 | D        | Noticed a bag of meat
    10 | D        | Killed a bag of meat
    10 | D        | Noticed a bag of meat
    10 | D        | Noticed a bag of meat
    10 | D        | Noticed a bag of meat
    11 | D        | Killed a bag of meat
    11 | D        | Reached *** piety under Makhleb
    11 | D        | Killed a bag of meat
    11 | D        | Killed a bag of meat
    11 | D        | Noticed a meat berserker
    11 | D        | Noticed a meat berserker
    11 | D        | Noticed a bag of meat
    12 | D        | Reached XP level 14. HP: 123/123 MP: 0/0
    12 | D        | Noticed a meat berserker
    13 | D        | Killed a bag of meat
    13 | D        | Reached **** piety under Makhleb
    13 | D        | Noticed a meat berserker
    14 | D        | Reached skill level 15 in Axes
    14 | D        | Reached XP level 15. HP: 56/130 MP: 0/0
    14 | D        | Learned a level 6 spell: Conjure Ball Lightning
    14 | D        | Killed a meat berserker
    14 | D        | Killed a meat berserker
    14 | D        | Noticed a meat berserker
    15 | D        | Reached skill level 15 in Spellcasting
    15 | D        | Reached XP level 16. HP: 142/142 MP: 0/0
    15 | D        | Killed a meat berserker
    15 | D        | Killed a meat berserker
    15 | D        | Reached ***** piety under Makhleb
    16 | D        | Reached XP level 17. HP: 152/152 MP: 0/0
    16 | D        | Learned a level 6 spell: Summon Cactus Giant
    16 | D        | Noticed a meat berserker
    16 | D        | Noticed a meat berserker
    18 | D        | Killed a meat berserker
    18 | D        | Noticed a large bag of meat
    19 | D        | Noticed a destroyer
    19 | D        | Killed a meat berserker
    20 | D        | Reached skill level 27 in Dodging
    20 | D        | Reached XP level 18. HP: 165/165 MP: 0/0
    20 | D        | Noticed a meat berserker
    20 | D        | Noticed a meat berserker
    21 | D        | Killed a meat berserker
    21 | D        | Noticed a meat berserker
    22 | D        | Reached skill level 27 in Fighting
    22 | D        | Reached ****** piety under Makhleb
    22 | D        | Noticed a large bag of meat
    23 | D        | Noticed a large bag of meat
    24 | D        | Reached XP level 19. HP: 174/174 MP: 0/0
    24 | D        | Learned a level 6 spell: Death Channel
    24 | D        | Killed a large bag of meat
    24 | D        | Killed a destroyer
    24 | D        | Noticed a large bag of meat
    24 | D        | Noticed a large bag of meat
    24 | D        | Noticed a meat berserker
    25 | D        | Reached skill level 27 in Axes
    25 | D        | Reached skill level 27 in Invocations
    25 | D        | Reached XP level 20. HP: 173/181 MP: 0/0
    25 | D        | Killed a meat berserker
    25 | D        | Killed a meat berserker
    25 | D        | Noticed a large bag of meat
    26 | D        | Reached skill level 5 in Short Blades
    26 | D        | Reached skill level 5 in Long Blades
    26 | D        | Reached skill level 27 in Spellcasting
    26 | D        | Noticed a meat berserker
    26 | D        | Noticed a meat berserker
    27 | D        | Killed a meat berserker
    28 | D        | Reached skill level 5 in Bows
    28 | D        | Reached skill level 5 in Crossbows
    28 | D        | Reached skill level 5 in Throwing
    28 | D        | Killed a large bag of meat
    29 | D        | Reached XP level 21. HP: 176/187 MP: 0/0
    29 | D        | Learned a level 7 spell: Haunt
    29 | D        | Noticed The Servant
    29 | D        | Slain by a large bag of meat

Illustrated notes

Levels and vault maps discovered:
D:        meatsprint

Skill      XL: |  1  2  3  4  5  6  7  8  9 10 11 12 13 14 15 16 17 18 19 20 |
---------------+-------------------------------------------------------------+-----
Fighting       | 16 19 20 22 23 25 27 | 27.0
Axes           | 12 14 15 17 19 22 25 27 | 27.0
Dodging        | 17 21 23 25 27 | 27.0
Spellcasting   | 10 13 15 16 18 20 25 27 | 27.0
Invocations    | 13 16 17 19 21 23 25 27 | 27.0
Short Blades   | 9 |  9.1
Long Blades    | 9 |  9.1
Maces & Flails | 8 |  8.2
Polearms       | 8 |  8.3
Staves         | 8 |  8.5
Slings         | 8 |  8.0
Bows           | 7 |  7.4
Crossbows      | 7 |  7.4
Throwing       | 7 |  7.3
Armour         | 9 |  9.0
Shields        | 8 |  8.9
Evocations     | 8 |  8.9
Stealth        | |  1.5
Unarmed Combat | |  3.0

Action                   |  1- 3 |  4- 6 |  7- 9 | 10-12 | 13-15 | 16-18 | 19-21 || total
-------------------------+-------+-------+-------+-------+-------+-------+-------++-------
Melee: Executioner's axe |     1 |       |       |       |     4 |     7 |     4 ||    16
 Cast: Death Channel     |       |       |       |       |       |       |     1 ||     1
Dodge: Dodged            |       |       |       |       |       |     1 |       ||     1
